 Dungeon Crawl Stone Soup version 0.16-a0-623-g20b2139 (webtiles) character file.

365440 1010011010 the Bludgeoner (level 21, 78/171 (205) HPs)
             Began as a Deep Dwarf Necromancer on Sept 16, 2014.
             Was a High Priest of Makhleb.
             Got out of the dungeon
             ... with 3 runes on Sept 18, 2014!
             The game lasted 07:51:02 (55357 turns).

1010011010 the Bludgeoner (Deep Dwarf Necromancer) Turns: 55357, Time: 07:51:03

HP  78/171 (205) AC 20     Str 18      XL: 21   Next: 23%
MP   8/8         EV 21     Int 20      God: Makhleb [*****.]
Gold 2497        SH  0     Dex 13      Spells:  9 memorised,  7 levels left

rFire  . . .     SeeInvis +     q - +2 great mace (holy)
rCold  . . .     Clarity  .     M - +0 mottled dragon armour
rNeg   + . .     rCorr    +     (no shield)
rPois  .         rRot     .     L - +2 hat
rElec  .         Spirit   .     t - +2 cloak {MR+}
SustAb .         Warding  .     D - +2 pair of gloves {archery}
rMut   .         Stasis   .     G - +1 pair of boots
Gourm  .                        i - amulet of resist corrosion
MR     ++++.                    U - ring of wizardry
                                H - ring of see invisible

@: non-regenerating, drained, incredibly resistant to hostile enchantments, very
unstealthy
A: damage resistance, recharge devices, negative energy resistance 1, sense
surroundings 3, slow healing 3
a: Device Recharging, Minor Destruction, Lesser Servant of Makhleb, Major
Destruction, Greater Servant of Makhleb, Renounce Religion
}: 3/15 runes: decaying, serpentine, slimy


You escaped.
You worshipped Makhleb.
Makhleb was extremely pleased with you.
You were hungry.

You visited 9 branches of the dungeon, and saw 50 of its levels.
You also visited: Volcano.

You collected 4319 gold pieces.
You spent 1822 gold pieces at shops.


Innate Abilities, Weirdness & Mutations

You are resistant to damage.
You can recharge devices by infusing magical energy.
You resist negative energy.
You passively map a large area around you.
You do not heal naturally.


   Skills:
 - Level 16.2(15.0) Fighting
   Level 7.7(6.8) Short Blades
 - Level 20.0(18.7) Maces & Flails
 - Level 11.0(10.0) Armour
 - Level 19.4(18.2) Dodging
 - Level 2.4(1.6) Stealth
 + Level 3.1(2.3) Spellcasting
 - Level 4.6(3.7) Charms
 - Level 7.4(6.5) Necromancy
 - Level 5.0(4.1) Translocations
 - Level 3.8(2.9) Air Magic
 - Level 16.0(14.8) Invocations


You had 7 spell levels left.
You knew the following spells:

 Your Spells              Type           Power        Failure   Level  Hunger
a - Pain                  Necr           ####         1%          1    #......
b - Vampiric Draining     Necr           ####......   1%          3    ###....
c - Control Undead        Necr           ####......   4%          4    #####..
d - Apportation           Tloc           ###.......   1%          1    #......
e - Animate Skeleton      Necr           N/A          1%          1    #......
f - Animate Dead          Necr           N/A          4%          4    #####..
B - Summon Butterflies    Summ           #.......     7%          1    #......
L - Blink                 Tloc           N/A          1%          2    ##.....
S - Swiftness             Chrm/Air       ###.....     4%          2    ##.....

Inventory:

Hand weapons
 a - a +2 great mace of draining
 b - a +0 blowgun
 q - a +2 great mace of holy wrath (weapon)
Missiles
 E - 5 throwing nets (quivered)
 S - 10 curare-tipped needles
Armour
 t - a +2 cloak of magic resistance (worn)
 D - a +2 pair of gloves of archery (worn)
 G - a +1 pair of boots (worn)
 L - a +2 hat (worn)
 M - a +0 mottled dragon armour (worn)
Magical devices
 g - a wand of disintegration (12)
 x - a wand of digging (12)
 y - a wand of magic darts (7)
 K - a wand of digging (5)
 T - a wand of heal wounds (0)
 Z - a wand of draining (1)
Comestibles
 d - 14 bread rations
 W - 2 meat rations
Scrolls
 h - 6 scrolls of identify
 j - 9 scrolls of fog
 l - a scroll of blinking
 n - 10 scrolls of magic mapping
 p - 15 scrolls of remove curse
 u - 4 scrolls of holy word
 R - 2 scrolls of amnesia
Jewellery
 c - an uncursed amulet of the gourmand
 i - an amulet of resist corrosion (around neck)
 k - an uncursed ring of flight
 z - an uncursed ring of teleportation
 C - an uncursed ring of protection from cold
 H - a ring of see invisible (left hand)
 I - a +6 ring of slaying
 J - a +3 ring of dexterity
 N - an uncursed ring of protection from fire
 O - an uncursed ring of magical power
 U - a ring of wizardry (right hand)
Potions
 f - 2 potions of resistance
 m - 4 potions of curing
 o - 6 potions of agility
 s - a potion of restore abilities
 v - a potion of haste
 w - a potion of heal wounds
 A - 2 potions of cure mutation
 B - 2 potions of magic
 X - 3 potions of cancellation
Books
 r - a book of Death

   Spells                             Type                      Level
   Corpse Rot                         Necromancy                   2
   Sublimation of Blood               Necromancy                   2
   Agony                              Necromancy                   5
   Dispel Undead                      Necromancy                   5
   Excruciating Wounds                Charms/Necromancy            5
   Bolt of Draining                   Conjuration/Necromancy       5
 P - a book of Minor Magic

   Spells                             Type                      Level
   Magic Dart                         Conjuration                  1
   *Blink                             Translocation                2
   Call Imp                           Summoning                    2
   Repel Missiles                     Charms/Air                   2
   Slow                               Hexes                        2
   Conjure Flame                      Conjuration/Fire             3
   Mephitic Cloud                     Conjuration/Poison/Air       3
Magical staves
 V - an uncursed staff of death
Miscellaneous
 Q - a lamp of fire (inert)
 Y - a fan of gales
Rods
 F - a +0 rod of ignition (13/13) {!a}
   (You found it on level 3 of the Lair of Beasts)

▒▒·········[·······▒·▒
··▒·····▒▒▒··········▒▒
▒Z▒▒▒▒··▒ ▒··▒·····▒··▒
▒··▒▒▒▒·▒▒▒··▒▒···▒▒··▒▒▒
▒▒·Z▒
▒······▒▒▒·▒▒▒····▒▒
▒▒▒·▒▒▒···▒▒▒▒ ▒·▒
▒▒▒▒··▒ ▒ ▒···▒·▒··▒▒
▒▒·▒▒ ▒▒··▒▒ ▒
▒▒▒·▒·▒···▒▒▒···▒▒▒···▒ ▒
▒·▒·▒·······g·······▒ ▒▒▒
▒···▒···▒▒▒···▒▒▒···▒ ··▒
▒▒·····▒▒ ▒▒·▒▒ ▒▒··▒ ▒·▒
▒····▒▒▒▒ ▒·▒ ▒▒▒▒·▒ ▒·▒
▒··▒····▒▒▒·▒▒▒····▒ ▒·▒▒
▒··▒▒▒··▒▒···▒▒···▒▒
▒··▒▒▒··▒▒▒··▒·····▒···▒
▒▒·▒▒····▒▒[···········▒▒
·············▒▒·········▒


There were no monsters in sight!


Message History

Makhleb accepts your kill.
You feel a little better.
No target in view!
No target in view!
Unknown command.
(D) Dungeon (T) Temple (O) Orcish Mines (E) Elven Halls (L) Lair (S) Swamp (P) Snake Pit (M) Slime Pits (V) Vaults (C) Crypt (U) Depths
Where to? (Enter - D:1, ? - help)
What level of the Dungeon? (default 1, ? - help)
There is a stone staircase leading up here.
You climb upwards.
There is a stone staircase leading down here.
There is a stone staircase leading up here.
You climb upwards.
There is a stone staircase leading down here.
Unknown command.
(D) Dungeon (T) Temple (O) Orcish Mines (E) Elven Halls (L) Lair (S) Swamp (P) Snake Pit (M) Slime Pits (V) Vaults (C) Crypt (U) Depths
Where to? (Enter - D:1, ? - help)
Okay, then.
(D) Dungeon (T) Temple (O) Orcish Mines (E) Elven Halls (L) Lair (S) Swamp (P) Snake Pit (M) Slime Pits (V) Vaults (C) Crypt (U) Depths
Where to? (Enter - D:1, ? - help)
Okay, then.
There is a staircase leading out of the dungeon here.
Are you sure you want to leave the Dungeon?
This will make you lose the game!
You have escaped!

Action                   |  1- 3 |  4- 6 |  7- 9 | 10-12 | 13-15 | 16-18 | 19-21 || total
-------------------------+-------+-------+-------+-------+-------+-------+-------++-------
Melee: Dagger            |    27 |       |       |       |       |       |       ||    27
       Whip              |       |   110 |    56 |       |       |       |       ||   166
       Morningstar       |       |       |   199 |   635 |  1518 |   394 |       ||  2746
       Short sword       |       |       |       |     6 |       |       |       ||     6
       Cutlass           |       |       |       |       |    39 |    77 |       ||   116
       Great mace        |       |       |       |       |    25 |  1661 |  2079 ||  3765
 Fire: Blowgun           |       |       |    18 |    28 |     3 |     4 |     2 ||    55
Throw: Throwing net      |       |       |       |     4 |     2 |     2 |     6 ||    14
 Cast: Pain              |    55 |   110 |    44 |     7 |     9 |     4 |       ||   229
       Animate Skeleton  |    10 |    18 |    44 |    30 |    11 |     1 |       ||   114
       Vampiric Draining |     1 |    10 |    82 |   133 |   417 |   365 |   163 ||  1171
       Animate Dead      |       |       |       |     7 |    63 |    14 |     4 ||    88
       Control Undead    |       |       |       |       |       |    33 |       ||    33
       Summon Butterflie |       |       |       |       |       |       |    11 ||    11
       Apportation       |       |       |       |       |       |       |     1 ||     1
Invok: Minor Destruction |       |       |       |       |     4 |       |       ||     4
       Greater Servant o |       |       |       |       |     9 |    24 |    31 ||    64
       Major Destruction |       |       |       |       |     1 |       |     1 ||     2
       Lesser Servant of |       |       |       |       |     1 |       |       ||     1
 Abil: Device Recharging |       |       |     1 |     1 |     1 |     7 |    18 ||    28
Evoke: Wand              |     2 |     1 |    16 |    28 |    30 |    48 |    75 ||   200
       Rod               |       |       |       |     2 |       |       |       ||     2
       Lamp of fire      |       |       |       |       |       |       |     2 ||     2
       Fan of gales      |       |       |       |       |       |       |     1 ||     1
  Use: Scroll            |     2 |       |    17 |     9 |    28 |    19 |    10 ||    85
       Potion            |       |       |     1 |     3 |    18 |    11 |    15 ||    48
 Stab: Sleeping          |       |     1 |     1 |     2 |     1 |       |     3 ||     8
       Distracted        |       |       |     3 |     2 |    11 |    11 |     7 ||    34
       Confused          |       |       |     1 |     1 |     1 |       |       ||     3
       Invisible         |       |       |     3 |       |     8 |       |       ||    11
       Held in net/web   |       |       |       |     1 |       |       |       ||     1
       Betrayed ally     |       |       |       |       |       |     2 |       ||     2
  Eat: Chunk             |     4 |     9 |    24 |    21 |    37 |    47 |    14 ||   156
       Beef jerky        |       |     2 |     2 |     5 |     3 |     3 |     1 ||    16
       Pizza             |       |       |     2 |       |     2 |     3 |     1 ||     8
       Fruit             |       |       |       |     5 |     8 |     5 |     4 ||    22
       Meat ration       |       |       |       |     3 |    13 |     9 |     3 ||    28
       Bread ration      |       |       |       |       |     1 |       |     7 ||     8
       Royal jelly       |       |       |       |       |       |       |     2 ||     2

Vault maps used:
D:1:      roderic_crossed_star, grunt_decor_clamped, st_stairs_6
D:2:      fedhas_altar_3
D:4:      first_bread, lemuel_tele_altar
D:5:      lemuel_upstairs_altar, kennysheep_mini_moat, uniq_blork_the_orc
D:6:      serial_shops, nicolae_shop_overgrown_old_shop, trog_ov_bears_minmay,
          uniq_grinder, uniq_prince_ribbit1, uniq_eustachio
D:7:      minmay_temple_entry_glass, grunt_ogre_cave, feat_on_display,
          uniq_sigmund
D:8:      uniq_joseph, uniq_grum, uniq_gastronok
D:9:      cheibrodos_beetle_habitat
D:10:     minmay_misc_feat_roman, roderic_ravens_nest
D:11:     orc_0_dummy, david_lair_shrubbed, st_stairs_4, uniq_sonja,
          uniq_maurice, uniq_nessos
D:12:     elyvilon_altar_5
D:13:     david_vaults_2, portal_ice_cave_entry_pillars_02, nicolae_wwwww,
          uniq_urug
D:14:     serial_shops, nicolae_shop_waterfront, shop, shop, shop, shop
D:15:     gammafunk_depths_entry_grave, corexii_leaking_fountain, serial_shops,
          shop, nicolae_shop_trees, shop_statue, sword_in_stone, uniq_harold
Temple:   nicolae_temple_the_god_donut
Orc:1:    serial_shops, nicolae_shop_overgrown_old_shop, uniq_erolcha
Orc:2:    serial_shops, shop
Orc:3:    serial_shops, shop, nicolae_shop_trees,
          nicolae_shop_competitors_out_of_business, shop,
          nicolae_orc_pool_cavern
Orc:4:    grunt_orc_community_town_hall, grunt_orc_community_big_house_1,
          grunt_orc_community_big_house_2, grunt_orc_community_house_1,
          grunt_orc_community_house_2, grunt_orc_community_house_1,
          grunt_orc_community_house_1, grunt_orc_community_house_1,
          grunt_orc_community_house_2, uniq_saint_roka
Lair:1:   guppyfry_lair_drakes
Lair:4:   enter_volcano_1, basic_altar, serial_bayou, serial_bayou_shore_a,
          serial_bayou_shore_b, serial_bayou_lagoon_a, serial_bayou_shore_b,
          grunt_forest_large_clearing_hut
Lair:5:   minmay_swamp_entry_reptiles, guppyfry_snake_entry_garden,
          disabler_island
Lair:6:   zaba_antful_of_joy
Lair:7:   infiniplex_staircase_pool, uniq_nergalle
Lair:8:   evilmike_catoblepas_cave, dpeg_slime_entry_enclosed_altar,
          lemuel_fruit_tree
Swamp:1:  nicolae_swamp_treefoil
Swamp:2:  infiniplex_staircase_pool_2, uniq_jorgrun
Swamp:3:  cheibrodos_swamp_mausoleum, evilmike_swamp_ruin_house_6
Swamp:4:  evilmike_swamp_ruin_house_2, swamp_pool4
Swamp:5:  swamp_alternative, swamp_pool5
Snake:1:  basic_altar
Snake:2:  nicolae_snake_linked_coils, uniq_kirke, uniq_aizul
Snake:3:  st_stairs_14, nrook_guardian_serpent_double
Snake:4:  basic_altar, st_stairs_5, grunt_ministairs_7,
          hangedman_snake_corridor_cut
Snake:5:  grunt_snake_rune_serpentine_throne, grunt_ministairs_6, spider_trap,
          st_stairs_3
Slime:2:  cheibrodos_slime_lost_civilization_4
Slime:4:  nicolae_slime_phagocytosis
Vaults:1: hangedman_vaults_snaps, ontoclasm_vaults_ligature, st_squares,
          ontoclasm_vaults_decontamination, v_misc_24,
          nicolae_vaults_ring_of_whatevers, nicolae_vaults_big_ls, v_pattern_1,
          nicolae_vaults_little_ls, vaults_room_grid
Vaults:2: nicolae_vaults_know_your_exits, hangedman_vaults_hat, v_rooms_5,
          ontoclasm_vaults_ring_small, vaults_dpeg_diagonal,
          dpeg_vaults_monster_box, vaults_dpeg_encased_lava,
          minmay_crypt_entry_nasty_monster, uniq_norris
Vaults:3: ontoclasm_vaults_misaligned, ontoclasm_vaults_ring_square,
          hangedman_vaults_stretched_pinwheel, v_rooms_4, serial_ice_m,
          ontoclasm_vaults_shuriken, vaults_dpeg_ring
Vaults:4: nicolae_vaults_quadrants, hangedman_vaults_corner_blocks,
          vaults_dpeg_hooks, v_misc_5, v_alt_pattern_4, ontoclasm_vaults_spin,
          nicolae_vaults_little_squares_6, uniq_sojobo
Depths:1: grunt_hell_horde, hangedman_decor_growths,
          grunt_unrand_guarded_doom_knight
Depths:2: hangedman_arrow_trap, abyss_entry, grunt_hell_entry_dis_grunt,
          minmay_staircase_statues, uniq_enchantress
Volcano:  volcano_aerie

Notes
Turn   | Place    | Note
--------------------------------------------------------------
     0 | D:1      | 1010011010, the Deep Dwarf Necromancer, began the quest for the Orb.
     0 | D:1      | Reached XP level 1. HP: 15/15 MP: 2/2
    56 | D:1      | Learned a level 1 spell: Animate Skeleton
   282 | D:1      | Reached XP level 2. HP: 22/22 MP: 0/3
   343 | D:1      | Reached skill level 5 in Necromancy
   737 | D:2      | Found a blossoming altar of Fedhas.
  1115 | D:2      | Reached XP level 3. HP: 28/28 MP: 0/5
  1120 | D:2      | Learned a level 3 spell: Vampiric Draining
  1662 | D:3      | Reached skill level 1 in Fighting
  1662 | D:3      | Reached XP level 4. HP: 34/38 MP: 3/6
  2067 | D:3      | Reached skill level 2 in Fighting
  2167 | D:3      | Noticed WhatIsLove's ghost (average NaHu)
  2223 | D:3      | Reached XP level 5. HP: 43/48 MP: 1/7
  2441 | D:3      | Reached skill level 3 in Fighting
  2729 | D:4      | Reached skill level 1 in Maces & Flails
  2899 | D:4      | Reached skill level 2 in Maces & Flails
  3301 | D:4      | Found a shimmering altar of Xom.
  3390 | D:4      | Reached skill level 3 in Maces & Flails
  3390 | D:4      | Reached XP level 6. HP: 56/56 MP: 1/9
  3870 | D:5      | Entered Level 5 of the Dungeon
  3998 | D:5      | Reached skill level 4 in Maces & Flails
  4321 | D:5      | Reached skill level 5 in Maces & Flails
  4347 | D:5      | Reached XP level 7. HP: 44/62 MP: 2/10
  4775 | D:5      | Reached skill level 6 in Maces & Flails
  4921 | D:5      | Found a glowing golden altar of the Shining One.
  5179 | D:6      | Noticed Prince Ribbit
  5202 | D:6      | Killed Prince Ribbit
  5202 | D:6      | Reached skill level 7 in Maces & Flails
  5421 | D:6      | Reached XP level 8. HP: 42/69 MP: 0/12
  5659 | D:5      | Reached skill level 8 in Maces & Flails
  6029 | D:6      | Noticed Eustachio
  6061 | D:6      | Killed Eustachio
  6061 | D:6      | Reached skill level 9 in Maces & Flails
  6276 | D:6      | Noticed Grinder
  6289 | D:6      | Your ally Eustachio died
  6586 | D:6      | Got a shimmering broad axe
  6587 | D:6      | Identified the cursed +3 broad axe "Plopse" {chop, rPois} (You found it on level 6 of the Dungeon)
  6616 | D:5      | Found a snail-covered altar of Cheibriados.
  6664 | D:6      | Found Iqaloag's Assorted Antiques.
  6672 | D:6      | Bought a dented sapphire amulet for 170 gold pieces
  6672 | D:6      | Bought a helmet for 153 gold pieces
  6686 | D:6      | Found a bloodstained altar of Trog.
  6881 | D:7      | Reached skill level 10 in Maces & Flails
  7092 | D:7      | Noticed Sigmund
  7104 | D:7      | Killed Sigmund
  7104 | D:7      | Gained mutation: You passively map the area around you. [level up]
  7104 | D:7      | Reached XP level 9. HP: 72/75 MP: 7/12
  7188 | D:7      | Found a staircase to the Ecumenical Temple.
  7196 | Temple   | Entered the Ecumenical Temple
  7240 | Temple   | Became a worshipper of Makhleb the Destroyer
  7648 | D:8      | Noticed Grum
  7648 | D:8      | Noticed Gastronok
  7856 | D:8      | Reached skill level 11 in Maces & Flails
  7964 | D:8      | Noticed Joseph
  7983 | D:8      | Killed Joseph
  8273 | D:8      | Noticed WhatIsLove's ghost (experienced FoEE)
  8412 | D:8      | Reached skill level 12 in Maces & Flails
  8464 | D:8      | Killed Grum
  8816 | D:9      | Acquired Makhleb's first power
  8896 | D:9      | Found a snail-covered altar of Cheibriados.
  9284 | D:9      | Reached skill level 13 in Maces & Flails
  9284 | D:9      | Reached XP level 10. HP: 50/84 MP: 1/13
 10063 | D:10     | Entered Level 10 of the Dungeon
 10598 | D:10     | Reached skill level 14 in Maces & Flails
 10614 | D:10     | Acquired Makhleb's second power
 11355 | D:10     | Gained mutation: You are partially covered in slimy green scales (AC +2). [potion of beneficial mutation]
 11613 | D:11     | Noticed Nessos
 11677 | D:11     | Killed Nessos
 11677 | D:11     | Reached skill level 15 in Maces & Flails
 11880 | D:11     | Reached XP level 11. HP: 49/90 MP: 0/15
 12067 | D:11     | Noticed Sonja
 12072 | D:11     | Found a staircase to the Orcish Mines.
 12158 | D:11     | Killed Sonja
 12294 | D:11     | Noticed Maurice
 12375 | D:11     | Found a staircase to the Lair.
 12399 | D:11     | Killed Maurice
 12502 | Lair:1   | Entered Level 1 of the Lair of Beasts
 12582 | Lair:1   | Noticed a four-headed hydra
 12600 | Lair:1   | Killed a hydra
 12600 | Lair:1   | Reached skill level 2 in Short Blades
 12651 | Lair:1   | Reached skill level 3 in Short Blades
 12771 | Lair:1   | Reached skill level 4 in Short Blades
 12781 | Lair:1   | Acquired Makhleb's third power
 13009 | Lair:1   | Reached skill level 5 in Short Blades
 13793 | Lair:2   | Reached skill level 6 in Short Blades
 13901 | Lair:2   | Acquired Makhleb's fourth power
 13920 | Lair:2   | Learned a level 4 spell: Animate Dead
 14155 | Lair:2   | Reached skill level 7 in Short Blades
 14781 | Lair:3   | Noticed a catoblepas
 14852 | Lair:3   | Killed a catoblepas
 14852 | Lair:3   | Reached skill level 4 in Fighting
 14852 | Lair:3   | Reached XP level 12. HP: 93/99 MP: 15/15
 14995 | Lair:3   | Identified a +0 rod of ignition (13/13) (You found it on level 3 of the Lair of Beasts)
 15336 | Lair:3   | Reached skill level 5 in Fighting
 15516 | Lair:3   | You fall through a shaft for 2 floors!
 15731 | Lair:4   | Found a dark tunnel.
 15808 | Volcano  | Entered a volcano
 15823 | Volcano  | Reached skill level 6 in Fighting
 15953 | Lair:4   | Reached skill level 8 in Armour
 15953 | Lair:4   | Reached XP level 13. HP: 98/114 MP: 16/16
 16070 | Lair:4   | Found a stormy altar of Qazlal.
 16147 | Lair:4   | Reached skill level 6 in Necromancy
 16181 | Lair:4   | Identified a scroll of acquirement
 16761 | Lair:5   | Got a distressingly furry scale mail
 16776 | Lair:5   | Identified the +3 scale mail of the Storm King {rF+ rC+} (You found it on level 5 of the Lair of Beasts)
 17119 | Lair:5   | Reached skill level 7 in Necromancy
 17133 | Lair:5   | Noticed a seven-headed hydra
 17163 | Lair:5   | Killed a two-headed hydra
 17201 | Lair:5   | Found a staircase to the Swamp.
 17224 | Lair:5   | Reached skill level 7 in Fighting
 17318 | Lair:5   | Acquired Makhleb's fifth power
 17337 | Lair:5   | Found a staircase to the Snake Pit.
 17865 | Lair:6   | Reached skill level 8 in Fighting
 18478 | Lair:7   | Reached skill level 9 in Fighting
 18797 | Lair:7   | Noticed Nergalle
 19180 | Lair:6   | Killed Nergalle
 19286 | Lair:8   | Entered Level 8 of the Lair of Beasts
 19320 | Lair:7   | Reached skill level 10 in Fighting
 19665 | Lair:8   | Gained mutation: You resist negative energy. [level up]
 19665 | Lair:8   | Reached XP level 14. HP: 117/133 MP: 10/17
 19853 | Lair:8   | Reached skill level 11 in Fighting
 19928 | Lair:8   | Found a viscous altar of Jiyva.
 19929 | Lair:8   | Found a staircase to the Slime Pits.
 20603 | Lair:8   | Reached skill level 12 in Fighting
 20794 | Lair:8   | Reached skill level 3 in Dodging
 20954 | Lair:8   | Reached skill level 4 in Dodging
 21223 | Lair:8   | Identified the Grimoire of Transmutation
 21533 | Orc:1    | Entered Level 1 of the Orcish Mines
 21585 | Orc:1    | Found Kumammir's Assorted Antiques.
 21621 | Orc:1    | Bought an orange potion for 16 gold pieces
 21621 | Orc:1    | Bought a purple potion for 16 gold pieces
 21652 | Orc:1    | Noticed Erolcha
 21666 | Orc:1    | Killed Erolcha
 21666 | Orc:1    | Reached skill level 5 in Dodging
 22093 | Orc:2    | Found Threno Loanti's Antique Armour Shop.
 22266 | Orc:3    | Found a staircase to the Elven Halls.
 22268 | Orc:3    | Found Jolarien's Food Boutique.
 22269 | Orc:3    | Found Manu's Book Shop.
 22338 | Orc:3    | Bought a meat ration for 55 gold pieces
 22338 | Orc:3    | Bought a bread ration for 55 gold pieces
 22338 | Orc:3    | Bought a meat ration for 55 gold pieces
 22338 | Orc:3    | Bought a bread ration for 55 gold pieces
 22338 | Orc:3    | Bought a bread ration for 55 gold pieces
 22338 | Orc:3    | Bought a meat ration for 55 gold pieces
 22338 | Orc:3    | Bought a meat ration for 55 gold pieces
 22338 | Orc:3    | Bought a meat ration for 55 gold pieces
 22420 | Orc:4    | Entered Level 4 of the Orcish Mines
 22477 | Orc:4    | Reached skill level 1 in Invocations
 22679 | Orc:4    | Found a roughly hewn altar of Beogh.
 22731 | Orc:4    | Noticed Saint Roka
 22987 | D:12     | Reached skill level 2 in Invocations
 23137 | D:12     | Reached skill level 3 in Invocations
 23505 | D:12     | Reached skill level 4 in Invocations
 23523 | D:12     | Found a white marble altar of Elyvilon.
 23611 | D:12     | Reached skill level 5 in Invocations
 24031 | D:13     | Reached skill level 6 in Invocations
 24100 | D:13     | Reached skill level 7 in Invocations
 24268 | D:13     | Noticed Urug
 24281 | D:13     | Killed Urug
 24281 | D:13     | Reached skill level 8 in Invocations
 24308 | D:13     | Found a frozen archway.
 24396 | D:13     | Found a gate to the Vaults.
 24517 | D:14     | Found Vonate's General Store.
 24541 | D:14     | Bought a scroll of enchant weapon for 97 gold pieces
 24541 | D:14     | Bought a scroll of recharging for 123 gold pieces
 24541 | D:14     | Bought a scroll of teleportation for 39 gold pieces
 24541 | D:14     | Bought a meat ration for 65 gold pieces
 24541 | D:14     | Bought a scroll of enchant armour for 97 gold pieces
 24559 | D:14     | Reached skill level 9 in Invocations
 24612 | D:14     | Found Tuall's Gadget Emporium.
 24686 | D:14     | Reached skill level 10 in Invocations
 24820 | D:14     | Found Icubalug's Jewellery Emporium.
 24843 | D:14     | Bought an uncursed ring of see invisible for 270 gold pieces
 24895 | D:14     | Found Trutekas' Book Shoppe.
 24918 | D:14     | Found Enuif's General Store.
 25082 | D:14     | Reached skill level 11 in Invocations
 25140 | D:14     | Reached XP level 15. HP: 144/144 MP: 27/27
 25182 | D:15     | Entered Level 15 of the Dungeon
 25373 | D:15     | Found Salaa's Magic Scroll Emporium.
 25411 | D:15     | Bought a scroll of summoning for 133 gold pieces
 25411 | D:15     | Bought a scroll of blinking for 105 gold pieces
 25411 | D:15     | Bought a scroll of magic mapping for 49 gold pieces
 25411 | D:15     | Bought a scroll of magic mapping for 49 gold pieces
 25425 | D:15     | Found a staircase to the Depths.
 25627 | D:15     | Reached skill level 12 in Invocations
 25695 | D:15     | Found Itae's Magic Scroll Boutique.
 25806 | D:15     | Noticed Erica
 25832 | D:15     | Noticed Harold
 25853 | D:15     | Killed Harold
 25881 | D:15     | Noticed Donald
 25891 | D:15     | Killed Erica
 25896 | D:15     | Killed Donald
 26009 | D:15     | Reached skill level 13 in Invocations
 26045 | D:15     | Found Fehono's Assorted Antiques.
 26459 | Snake:1  | Entered Level 1 of the Snake Pit
 26467 | Snake:1  | Found a white marble altar of Elyvilon.
 26896 | Snake:2  | Reached skill level 14 in Invocations
 26898 | Snake:2  | Noticed Kirke
 26930 | Snake:2  | Killed Kirke
 26979 | Snake:2  | Noticed Aizul
 26992 | Snake:2  | Your ally Kirke died
 27026 | Snake:2  | Killed Aizul
 27204 | Snake:2  | Upgraded the game from 0.16-a0-465-g631e55c to 0.16-a0-621-gdc21f72
 27838 | Snake:2  | Reached skill level 15 in Invocations
 28857 | Snake:3  | Reached skill level 16 in Invocations
 28941 | Snake:3  | Reached skill level 16 in Maces & Flails
 29773 | Snake:3  | HP: 5/144 [guardian serpent/bolt of poison (12)]
 30433 | Snake:4  | Found a bloodstained altar of Trog.
 30803 | Snake:4  | Reached XP level 16. HP: 130/152 MP: 26/30
 31223 | Snake:4  | Reached skill level 17 in Maces & Flails
 31342 | Snake:4  | Learned a level 1 spell: Summon Butterflies
 31661 | Snake:5  | Entered Level 5 of the Snake Pit
 32202 | Swamp:1  | Entered Level 1 of the Swamp
 33033 | Swamp:2  | Noticed Jorgrun
 33050 | Swamp:2  | Killed Jorgrun
 33170 | Swamp:2  | Reached skill level 18 in Maces & Flails
 33562 | Swamp:3  | Learned a level 4 spell: Control Undead
 34248 | Swamp:3  | Identified the Papyrus of Arcane Weapons and Orientation (You found it on level 3 of the Swamp)
 34251 | Swamp:3  | Identified the Incunabulum of the Birds and Confrontation
 34903 | Swamp:4  | Reached skill level 19 in Maces & Flails
 35119 | Swamp:5  | Entered Level 5 of the Swamp
 35869 | Swamp:4  | Paralysed by a red wasp for 3 turns
 35881 | Swamp:4  | Paralysed by a red wasp for 4 turns
 35992 | Swamp:5  | Got a decaying rune of Zot
 36016 | Swamp:5  | Reached XP level 17. HP: 123/156 MP: 31/31
 36963 | Depths:1 | Entered Level 1 of the Depths
 37012 | Depths:1 | Reached skill level 20 in Maces & Flails
 37089 | Depths:1 | Reached skill level 9 in Armour
 37309 | Depths:1 | Reached skill level 10 in Armour
 37625 | Depths:1 | HP: 15/156 [deep troll (5)]
 37797 | Depths:1 | Reached skill level 11 in Armour
 37803 | Depths:1 | Found a gateway to Hell.
 37866 | Depths:1 | Reached skill level 6 in Dodging
 38322 | Depths:1 | Reached skill level 7 in Dodging
 38546 | Depths:1 | Reached skill level 8 in Dodging
 38756 | Depths:1 | Noticed a bone dragon
 38757 | Depths:1 | Noticed a profane servitor
 38785 | Depths:1 | Killed a bone dragon
 38785 | Depths:1 | Reached skill level 9 in Dodging
 38852 | Depths:1 | Killed a profane servitor
 38866 | Depths:1 | Found a basalt altar of Yredelemnul.
 38918 | Depths:1 | HP: 8/148 [ice dragon/blast of cold (59)]
 39041 | Vaults:1 | Entered Level 1 of the Vaults
 39152 | Vaults:1 | Reached skill level 10 in Dodging
 39323 | Vaults:1 | Reached skill level 11 in Dodging
 40118 | Vaults:1 | Gained mutation: You passively map a large area around you. [level up]
 40118 | Vaults:1 | Reached XP level 18. HP: 119/157 MP: 27/27
 40119 | Vaults:1 | Reached skill level 12 in Dodging
 40622 | Vaults:1 | Reached skill level 13 in Dodging
 41343 | Vaults:2 | Found Jekewungevo's Weapon Shoppe.
 41379 | Vaults:2 | Reached skill level 14 in Dodging
 42147 | Vaults:2 | Noticed Norris
 42164 | Vaults:2 | Killed Norris
 42164 | Vaults:2 | Reached skill level 15 in Dodging
 42407 | Vaults:2 | Upgraded the game from 0.16-a0-621-gdc21f72 to 0.16-a0-623-g20b2139
 42619 | Vaults:2 | HP: 14/157 [poisoned by a jumping spider]
 42620 | Vaults:2 | HP: 5/157 [poisoned by a jumping spider]
 42771 | Vaults:2 | Reached skill level 16 in Dodging
 42814 | Vaults:2 | Noticed a bone dragon
 42864 | Vaults:2 | Killed a bone dragon
 42889 | Vaults:2 | Found a staircase to the Crypt.
 43620 | Vaults:3 | Paralysed by a red wasp for 2 turns
 43966 | Vaults:3 | Reached XP level 19. HP: 82/164 MP: 25/25
 43969 | Vaults:3 | Reached skill level 17 in Dodging
 45202 | Vaults:4 | Reached skill level 18 in Dodging
 45332 | Vaults:4 | Noticed Sojobo
 45357 | Vaults:4 | Killed Sojobo
 45729 | Vaults:4 | HP: 11/164 [storm dragon/bolt of lightning (23)]
 46009 | Vaults:4 | HP: 10/164 [frost giant/bolt of cold (35)]
 46164 | Vaults:4 | Learned a level 2 spell: Blink
 46166 | Vaults:4 | Learned a level 1 spell: Apportation
 46169 | Vaults:4 | Learned a level 2 spell: Swiftness
 46394 | Vaults:4 | Reached skill level 19 in Dodging
 46406 | Vaults:4 | HP: 14/164 [white very ugly thing (23)]
 46731 | Vaults:4 | HP: 11/164 [white very ugly thing (43)]
 47992 | Snake:5  | Reached skill level 1 in Charms
 47992 | Snake:5  | Reached skill level 1 in Air Magic
 48200 | Snake:5  | Reached skill level 2 in Charms
 48281 | Snake:5  | Reached skill level 2 in Air Magic
 48553 | Snake:5  | Reached skill level 3 in Charms
 48752 | Snake:5  | Reached skill level 3 in Air Magic
 48967 | Snake:5  | Reached skill level 4 in Charms
 49218 | Snake:5  | Reached XP level 20. HP: 102/172 MP: 18/18
 49260 | Snake:5  | Reached skill level 1 in Translocations
 49287 | Snake:5  | Reached skill level 2 in Translocations
 49329 | Snake:5  | Reached skill level 3 in Translocations
 49420 | Snake:5  | Reached skill level 4 in Translocations
 49546 | Snake:5  | Reached skill level 5 in Translocations
 49675 | Snake:5  | Got a serpentine rune of Zot
 50065 | Slime:1  | Entered Level 1 of the Pits of Slime
 50152 | Slime:1  | Reached skill level 13 in Fighting
 50754 | Slime:5  | Gained mutation: You occasionally shout uncontrollably at your foes. [a shining eye]
 50773 | Slime:5  | Gained mutation: You tend to lose your temper in combat. [a shining eye]
 50777 | Slime:5  | Gained mutation: You often lose your temper in combat. [a shining eye]
 50779 | Slime:5  | Gained mutation: You are weak. (Str -2) [a shining eye]
 50915 | Slime:6  | Entered Level 6 of the Pits of Slime
 50960 | Slime:5  | Reached skill level 14 in Fighting
 51846 | Slime:6  | Reached skill level 15 in Fighting
 52317 | Slime:6  | Found a viscous altar of Jiyva.
 52477 | Slime:6  | Gained mutation: Your vision is a little blurry. [a shining eye]
 52597 | Slime:6  | Noticed the royal jelly
 52677 | Slime:6  | Killed the royal jelly
 52677 | Slime:6  | Reached XP level 21. HP: 98/179 MP: 14/14
 53157 | Slime:6  | Got a slimy rune of Zot
 53832 | Depths:1 | HP: 17/170 [white ugly thing (14)]
 53886 | Depths:1 | Lost mutation: You often lose your temper in combat. [potion of cure mutation]
 53886 | Depths:1 | Lost mutation: You are weak. (Str -2) [potion of cure mutation]
 53886 | Depths:1 | Lost mutation: You tend to lose your temper in combat. [potion of cure mutation]
 53886 | Depths:1 | Lost mutation: You are partially covered in slimy green scales (AC +2). [potion of cure mutation]
 53886 | Depths:1 | Lost mutation: Your vision is a little blurry. [potion of cure mutation]
 53887 | Depths:1 | Lost mutation: You occasionally shout uncontrollably at your foes. [potion of cure mutation]
 54406 | Depths:2 | Reached skill level 16 in Fighting
 54446 | Depths:1 | HP: 6/171 [vampire knight/battleaxe (25)]
 54457 | Depths:1 | HP: 17/171 [catoblepas/blast of calcifying dust (6)]
 54583 | Depths:2 | Reached skill level 2 in Spellcasting
 54724 | Depths:2 | HP: 13/171 [deep troll earth mage (11)]
 54824 | D:13     | Your ally Urug died
 55032 | D:8      | Killed Gastronok
 55032 | D:8      | Reached skill level 3 in Spellcasting
 55260 | D:3      | Killed WhatIsLove's ghost
 55357 | D:$      | Got out of the dungeon!

Vanquished Creatures
  the royal jelly (Slime:6)
  Norris (Vaults:2)
  A bone dragon (Vaults:2)
  A tentacled monstrosity (Vaults:4)
  15 acid blobs
  A thorn hunter (Swamp:4)
  Kirke (Snake:2)
  9 greater nagas
  13 azure jellies
  10 vault wardens
  Aizul (Snake:2)
  2 emperor scorpions
  Gastronok (D:8)
  A ghoul (Depths:1)
  6 very ugly things
  A deep elf demonologist (Vaults:2)
  A stone giant (Vaults:2)
  2 vampire knights (Depths:1)
  2 ettins (Depths:1)
  4 yaktaur captains
  2 vault guards (Vaults:1)
  5 death oozes
  2 jiangshi (Depths:1)
  8 ironheart preservers
  A fire dragon (Depths:1)
  A great orb of eyes (Slime:5)
  A rakshasa (Vaults:2)
  A death cob (Depths:1)
  15 hydras
  8 naga warriors
  2 ice dragons (Depths:1)
  Nessos (D:11)
  A shambling mangrove (Swamp:5)
  2 deep troll shamans
  20 anacondas
  4 centaur warriors
  A dancing weapon (Vaults:4)
  2 hell hogs (Depths:1)
  2 alligators
  2 deep troll earth magi
  13 death yaks
  A death knight (Depths:1)
  8 ogre magi
  A shock serpent (shapeshifter) (D:13)
  6 catoblepae
  5 shock serpents
  Urug (D:13)
  A soul eater (Depths:1)
  3 deep elf knights
  14 naga sharpshooters
  Erolcha (Orc:1)
  4 skeletal warriors
  5 hell knights
  2 shadow wraiths
  3 flayed ghosts (Depths:1)
  A large abomination (Swamp:3)
  A spriggan druid (Swamp:5)
  5 unseen horrors
  5 swamp dragons
  10 deep trolls
  A death drake (Swamp:3)
  A deep elf summoner (Vaults:1)
  9 ironbrand convokers
  A tengu zombie (Vaults:2)
  3 spectral hydras (Swamp:3)
  6 hill giants
  10 naga ritualists
  5 harpies (Vaults:2)
  7 orc knights
  A harpy (shapeshifter) (Vaults:1)
  2 deep elf conjurers
  4 necromancers
  10 mana vipers
  4 shining eyes
  A wolf spider (Vaults:3)
  2 red wasps
  An orc sorcerer (Orc:3)
  3 wizards
  A lindwurm (Volcano)
  A fire giant zombie (D:15)
  2 griffons
  7 salamanders
  30 ugly things
  A salamander (shapeshifter) (Vaults:1)
  A manticore (D:13)
  Maurice (D:11)
  5 phantasmal warriors
  10 elephants
  Joseph (D:8)
  29 black mambas
  5 guardian serpents
  3 cyclopes
  4 gargoyles (Volcano)
  2 eyes of devastation
  14 vault sentinels
  A dire elephant skeleton (Depths:1)
  14 naga magi
  4 kobold demonologists
  12 spiny frogs
  3 komodo dragons
  28 yaktaurs
  A feature mimic (D:12)
  3 swamp worm zombies (Swamp:3)
  An efreet (D:13)
  2 elf zombies
  2 fire drakes
  10 freezing wraiths
  3 deep elf priests
  3 giant leeches
  A queen bee (shapeshifter) (Depths:1)
  22 two-headed ogres
  Sonja (D:11)
  Prince Ribbit (D:6)
  A jumping spider (Vaults:2)
  2 trolls
  101 slime creatures
  15 bog bodies
  3 ravens
  A spectral swamp dragon (Swamp:3)
  11 blink frogs
  A griffon zombie (D:14)
  3 boulder beetles
  An ettin zombie (D:15)
  An alligator zombie (Swamp:3)
  3 spriggans
  A baby alligator (Lair:5)
  3 deep elf magi
  2 vampires (Depths:1)
  2 basilisks
  A shadow (Swamp:1)
  4 hogs (Snake:2)
  6 redbacks
  A deep troll skeleton (Depths:1)
  3 water elementals (Depths:2)
  31 yaks
  7 wraiths
  Eustachio (D:6)
  3 giant leech zombies (Swamp:3)
  Grum (D:8)
  15 vampire mosquitoes
  3 deep elf fighters
  A hill giant skeleton (D:9)
  A human zombie (Depths:2)
  2 hungry ghosts
  A steam dragon (D:13)
  3 mottled dragons
  3 wargs
  2 soldier ants (Lair:6)
  4 golden eyes (Slime:5)
  6 hippogriffs
  27 swamp worms
  A chaos spawn (Vaults:2)
  35 water moccasins
  39 nagas
  A spiny frog zombie (Swamp:3)
  19 wolves
  2 sky beasts
  6 yellow wasps
  6 porcupines
  4 ice beasts
  2 black bears
  5 hell hounds (Depths:1)
  8 swamp drakes
  15 orc warriors
  The ghost of WhatIsLove the Bolt Thrower, an average NaHu (D:3)
  A black bear (shapeshifter) (Vaults:4)
  23 ogres
  11 centaurs
  4 phantoms
  3 big kobolds
  Sigmund (D:7)
  A boring beetle (Lair:8)
  2 yaktaur zombies
  12 crocodiles
  6 giant frogs
  A boring beetle (shapeshifter) (Vaults:4)
  2 human skeletons
  A gnoll sergeant (D:5)
  4 insubstantial wisps
  6 scorpions
  8 eyes of draining
  A yak zombie (D:9)
  A boulder beetle zombie (D:15)
  2 troll zombies (Swamp:3)
  3 spriggan zombies (Swamp:3)
  A troll skeleton (D:9)
  12 killer bees
  6 wights
  4 hounds
  2 centaur zombies
  24 jellies
  20 orc priests
  10 crimson imps
  6 iguanas
  12 orc wizards
  A spectral orc (Lair:7)
  14 worker ants
  20 sheep
  A big kobold zombie (D:5)
  10 gnolls
  30 adders
  49 green rats
  A white imp (Vaults:3)
  2 shadow imps
  3 giant mites
  3 worms
  A giant eyeball (Lair:5)
  3 giant geckos
  An ooze (D:3)
  98 orcs
  4 ball pythons
  16 bats
  A bat skeleton (D:4)
  7 giant cockroaches
  18 hobgoblins
  11 jackals
  17 kobolds
  2 giant newts (D:2)
  A giant spore (D:9)
  10 goblins
  A goblin skeleton (D:4)
  2 jackal skeletons (D:6)
  2 orc skeletons
  An orc zombie (D:10)
  12 quokkas
  15 rats
  6 ballistomycetes
  A fungus (Lair:7)
  2 plants
1522 creatures vanquished.

Vanquished Creatures (collateral kills)
  Sojobo (Vaults:4)
  A profane servitor (Depths:1)
  A bone dragon (Depths:1)
  An acid blob (Slime:6)
  An Executioner (Depths:1)
  A sphinx (Vaults:4)
  A storm dragon (Vaults:4)
  A thorn hunter (Swamp:5)
  3 tengu reavers (Vaults:4)
  2 azure jellies (Slime:6)
  Donald (D:15)
  2 frost giants (Vaults:4)
  An orc warlord (D:15)
  A greater naga (Snake:5)
  3 vault wardens
  Jorgrun (Swamp:2)
  A very ugly thing (Vaults:4)
  A stone giant (Depths:2)
  A death ooze (Slime:1)
  3 vault guards
  A fire dragon (Depths:1)
  A yaktaur captain (Vaults:4)
  4 ironheart preservers
  2 great orbs of eyes (Vaults:4)
  Harold (D:15)
  A naga warrior (Snake:4)
  4 hydras
  2 ice dragons
  4 centaur warriors
  A rakshasa (Vaults:2)
  2 alligators
  Erica (D:15)
  2 deep troll shamans
  2 ogre magi
  9 anacondas
  2 deep troll earth magi
  3 death yaks (Lair:8)
  2 hell hogs (Depths:1)
  3 naga sharpshooters
  Nergalle (Lair:6)
  2 spriggan druids (Swamp:5)
  A deep elf summoner (Vaults:2)
  6 deep trolls
  3 swamp dragons
  2 orc knights (Vaults:2)
  4 naga ritualists
  2 necromancers
  An ironbrand convoker (Vaults:2)
  A spectral hydra (Swamp:3)
  2 mana vipers (Snake:4)
  A red wasp (shapeshifter) (Vaults:2)
  7 ugly things
  A salamander (Snake:4)
  A cyclops (D:15)
  A griffon (Vaults:4)
  9 guardian serpents
  A spiny frog (Swamp:2)
  3 elephants
  7 black mambas
  A vault sentinel (Vaults:3)
  A queen ant (Lair:6)
  A naga mage (Snake:5)
  2 komodo dragons
  2 tengu conjurers (D:15)
  2 swamp worm zombies (Swamp:3)
  9 yaktaurs
  A deep elf priest (Vaults:2)
  A troll (D:14)
  A fire drake (Lair:6)
  3 two-headed ogres
  A baby alligator (Lair:5)
  A bog body (Swamp:3)
  An ettin zombie (D:15)
  6 blink frogs
  A hydra skeleton (D:15)
  15 slime creatures
  3 ravens (D:15)
  A boulder beetle (shapeshifter) (Vaults:2)
  A spectral swamp dragon (Swamp:3)
  A fire dragon zombie (D:15)
  A human simulacrum (Vaults:2)
  2 spriggans
  A shadow (D:14)
  A wraith (Swamp:3)
  A redback (Vaults:2)
  An ettin skeleton (Depths:1)
  A human (shapeshifter) (D:13)
  A vampire (Depths:1)
  A hungry ghost (D:10)
  A hill giant skeleton (D:14)
  3 vampire mosquitoes
  11 yaks
  5 soldier ants (Lair:6)
  A soldier ant (shapeshifter) (D:13)
  A hippogriff (D:9)
  4 nagas
  7 wolves
  2 swamp worms (Swamp:2)
  5 water moccasins
  A yellow wasp (Swamp:2)
  7 swamp drakes
  An ice beast (D:14)
  A hell hound (Depths:1)
  A porcupine (Lair:7)
  3 orc warriors (Vaults:2)
  3 centaurs
  A big kobold (D:12)
  3 ogres
  4 giant frogs
  3 insubstantial wisps
  An eye of draining (Slime:6)
  2 killer bees
  A scorpion (Lair:4)
  2 wights
  2 electric eels (Lair:4)
  A crimson imp (D:12)
  2 hounds
  A jelly (Slime:1)
  2 orc priests (Orc:4)
  2 orc wizards
  3 iguanas
  16 worker ants (Lair:6)
  An orange rat (Vaults:2)
  5 sheep
  A mottled dragon zombie (D:15)
  A gnoll (D:7)
  A mummy (D:13)
  An adder (Lair:7)
  An orc zombie (D:6)
  13 green rats
  A shadow imp (D:12)
  A worm (D:2)
  An orc skeleton (D:10)
  13 orcs
  A goblin (Orc:4)
  3 hobgoblins
  2 quokkas
  A bat (D:5)
  3 kobolds
  A rat (D:2)
  2 spectral orcs
  A ballistomycete (D:10)
  A bush (Lair:4)
  A fungus (Lair:5)
  2 plants (Lair:4)
357 creatures vanquished.

Vanquished Creatures (others)
  6 Executioners
  11 balrugs
  8 cacodemons
  7 blizzard demons
  10 green deaths
  A deep elf conjurer (Vaults:2)
  2 necromancers (Depths:2)
  An anaconda skeleton (Snake:5)
  3 ugly thing zombies
  3 human zombies
  An orange demon (Snake:3)
  A death yak zombie (Lair:8)
  2 fire dragon zombies (Depths:1)
  A griffon zombie (Vaults:4)
  An ettin zombie (Depths:1)
  2 deep troll zombies (Depths:1)
  An air elemental (Slime:6)
  A basilisk (Lair:8)
  2 black mamba zombies (Snake:4)
  2 humans (Snake:2)
  A hill giant zombie (D:15)
  A fire elemental (Depths:2)
  A naga (Snake:5)
  A spiny frog zombie (Lair:8)
  A water moccasin (Lair:8)
  A spiny frog skeleton (Lair:4)
  4 blink frog zombies
  A crocodile (Lair:8)
  2 hog zombies (Snake:2)
  2 ogres
  A swamp dragon skeleton (Swamp:5)
  2 blink frog skeletons
  4 elf zombies (Depths:1)
  A fire drake zombie (Lair:7)
  5 yaktaur zombies
  2 water moccasin zombies
  A cyclops zombie (Vaults:2)
  2 hell hound zombies (Depths:1)
  2 water moccasin skeletons
  An ogre zombie (Depths:1)
  5 yak zombies
  A hippogriff zombie (D:13)
  A spriggan zombie (Swamp:2)
  5 yak skeletons
  A hippogriff skeleton (D:9)
  4 wolf zombies
  A wolf skeleton (D:8)
  A giant frog zombie (D:15)
  A soldier ant zombie (Lair:6)
  A yellow wasp zombie (Swamp:5)
  2 centaur skeletons
  2 giant frog skeletons
  A basilisk zombie (Lair:7)
  3 centaur zombies
  A two-headed ogre zombie (Depths:1)
  An iguana (Lair:4)
  A porcupine zombie (Lair:7)
  An elf skeleton (D:11)
  3 porcupine skeletons
  A naga zombie (Snake:4)
  2 ogre skeletons
  A mottled dragon skeleton (D:15)
  2 hound skeletons
  3 worker ant zombies (Lair:6)
  2 human skeletons
  A sheep skeleton (Lair:6)
  3 sheep zombies (Lair:6)
  8 adder skeletons
  An adder zombie (Lair:6)
  2 iguana skeletons
  An orc (Orc:1)
  5 bat skeletons
  8 green rat zombies
  A ball python skeleton (D:3)
  A giant gecko skeleton (D:1)
  2 giant spores
  3 gnoll skeletons
  2 goblin skeletons
  2 goblin zombies (Orc:4)
  4 hobgoblin skeletons
  4 jackal skeletons
  7 kobold skeletons
  14 orc skeletons
  15 orc zombies
  2 quokka skeletons
  8 rat skeletons
  19 butterflies
  7 fungi
  3 plants
272 creatures vanquished.

Grand Total: 2151 creatures vanquished
